AoeStats
← Blink

Black Forest

505118316Analyzed
2v2 RM · 24d ago on Sep 7, 2026· 45m 14s· 4 players
Game mode
Random Map
Map size
Medium (4 player)
Population
200
Speed
Normal
Resources
Standard
Victory
Conquest
Starting age
Dark Age
Ending age
Imperial Age
RankedLock teamsTeams togetherTeam positionsShared explorationLock speedFull tech treeHidden civsTurbo modeCheats
Victory
Defeat
🇦🇷 Ethiopians · Argentina
1014
+13
🇧🇷 Byzantines · Brazil
956
+15
🇮🇳 Bulgarians · India
954
-14
🇺🇸 Chinese · United States
933
-14
fabricioitba
12:39 Feudal Age
18:42 Castle Age
17:18 Double-Bit Axe
17:15 Horse Collar
19:42 Bow Saw
18:55 Crossbowman
20:20 Elite Skirmisher
21:50 Fletching
26:31 Thumb Ring
28:59 Padded Archer Armor
34:08 Imperial Age
31:48 Husbandry
32:18 Caravan
33:23 Wheelbarrow
33:11 Bodkin Arrow
33:32 Leather Archer Armor
33:42 Leather Archer Armor
34:35 Arbalester
37:09 Chemistry
35:48 Heavy Camel Rider
38:11 Conscription
38:31 Ballistics
38:17 Bracer
39:19 Hand Cart
40:30 Heavy Cavalry Archer
MichaelJackson
0:34 Loom
11:53 Feudal Age
12:19 Double-Bit Axe
12:16 Horse Collar
18:27 Castle Age
19:50 Bow Saw
19:45 Town Watch
20:21 Heavy Plow
31:58 Imperial Age
30:15 Ballistics
30:48 Wheelbarrow
29:59 Town Watch
30:20 Fletching
30:52 Gold Mining
31:14 Caravan
31:50 Bodkin Arrow
33:04 Gold Shaft Mining
32:35 Onager
33:40 Fortified Wall
35:13 Two-Man Saw
36:06 Chemistry
35:07 Bracer
35:13 Stone Mining
36:10 Hand Cart
35:58 Padded Archer Armor
36:23 Conscription
38:16 Squires
37:45 Capped Ram
37:46 Siege Onager
41:01 Leather Archer Armor
40:53 Scale Mail Armor
41:03 Forging
42:02 Elite Shotel Warrior
45:46 Chain Mail Armor
46:06 Iron Casting
Blink
0:27 Loom
15:36 Feudal Age
16:01 Horse Collar
16:08 Double-Bit Axe
16:15 Stone Mining
16:19 Gold Mining
16:56 Arson
16:35 Man-at-Arms
19:07 Town Watch
22:40 Castle Age
22:50 Scale Mail Armor
23:00 Forging
22:41 Fletching
22:57 Scale Barding Armor
22:52 Padded Archer Armor
24:02 Heavy Plow
24:15 Bow Saw
26:59 Bodkin Arrow
27:32 Squires
27:51 Leather Archer Armor
29:28 Gold Shaft Mining
29:29 Thumb Ring
29:49 Ballistics
30:08 Elite Skirmisher
32:20 Great Wall
32:59 Wheelbarrow
33:15 Caravan
33:59 Hand Cart
33:13 Pikeman
34:56 Fortified Wall
34:58 Masonry
40:57 Imperial Age
devil
1:10 Loom
12:07 Feudal Age
19:02 Castle Age
16:58 Double-Bit Axe
17:17 Horse Collar
23:18 Heavy Plow
30:55 Imperial Age
28:28 Gambesons
28:44 Town Watch
29:46 Bloodlines
30:12 Caravan
30:49 Stirrups
31:56 Wheelbarrow
31:43 Forging
31:34 Scale Mail Armor
32:16 Bow Saw
32:13 Squires
33:08 Conscription
33:16 Hand Cart
33:48 Scale Barding Armor
35:27 Chemistry
34:47 Ballistics
35:47 Hand Cart
34:57 Onager
36:24 Light Cavalry
41:12 Iron Casting
42:17 Chain Barding Armor
44:03 Blast Furnace
43:38 Plate Barding Armor
45:57 Chain Mail Armor
Connection lost

Rejoining the realm…

Still unreachable

The connection could not be restored.

Session expired

The server has moved on; the page needs a fresh start.